 Dungeon Crawl Stone Soup version 0.31-a0-1308-ga3cce3a448 (webtiles) character file.

Game seed: 8374350028384174724

117526 Sobieck the Eclecticist (level 16, -12/93 HPs)
             Began as a Deep Elf Conjurer on Dec 19, 2023.
             Was the Champion of Vehumet.
             Mangled by a warg (14 damage)
             ... led by Saint Roka
             ... on level 2 of the Orcish Mines.
             The game lasted 01:14:18 (27157 turns).

Sobieck the Eclecticist (Deep Elf Conjurer)        Turns: 27157, Time: 01:14:19

Health: -12/93     AC:  7    Str:  4    XL:     16   Next: 23%
Magic:  37/42      EV: 16    Int: 41    God:    Vehumet [******]
Gold:   1547       SH:  0    Dex: 13    Spells: 17/55 levels left

rFire   . . .        A - staff of conjuration
rCold   . . .        V - orb {*channel}
rNeg    . . .        M - +0 robe
rPois   .            C - +0 helmet {Int+3}
rElec   .            z - +0 cloak
rCorr   .            d - +1 pair of gloves
SInv    .            r - +0 pair of boots
Will    +....        (no amulet)
Stlth   +++          J - +6 ring of intelligence
HPRegen 0.35/turn    N - ring of wizardry
MPRegen 0.28/turn

%: wizardry (x1), channel magic (20%)
@: radiating poison
A: no striking features
a: Renounce Religion


You were on level 2 of the Orcish Mines.
You worshipped Vehumet.
Vehumet was exalted by your worship.
You visited 4 branches of the dungeon, and saw 23 of its levels.
You also visited: Gauntlet.

You collected 1731 gold pieces.
You spent 184 gold pieces at shops.

Inventory:

Armour
 d - a +1 pair of gloves (worn)
 r - a +0 pair of boots (worn)
 z - a +0 cloak (worn)
 C - a +0 helmet of intelligence (worn)
 M - a +0 robe (worn)
 V - an orb of energy (worn)
Magical Staves
 j - a staff of fire
 A - a staff of conjuration (weapon)
 B - a staff of poison
 G - the staff "Wuaxekhe" {^Contam rF+ rC+ Will+ SInv Ice}
   (You found it on level 5 of the Lair of Beasts)

   [staff of cold]

   Base accuracy: +5 Base damage: 5 Base attack delay: 1.2 This weapon's minimum
   attack delay (0.6) is reached at skill level 12.
   rF+:       It protects you from fire.
   rC+:       It protects you from cold.
   Will+:     It increases your willpower.
   SInv:      It lets you see invisible.
   ^Contam:   It causes magical contamination when unequipped.
   Ice:       It increases the power of your Ice spells.
   It falls into the 'Staves' category.
   It is a one-handed weapon.
Jewellery
 c - a ring of protection from cold
 g - a ring of resist corrosion
 m - a ring of willpower
 o - a ring of poison resistance
 q - a ring of wizardry
 s - a ring of see invisible
 w - a ring of flight
 y - a ring of ice
 J - a +6 ring of intelligence (left hand)
 K - a ring of magical power
 N - a ring of wizardry (right hand)
 S - a ring of protection from cold
Wands
 a - a wand of acid (10)
 D - a wand of digging (5)
 E - a wand of charming (12)
 F - a wand of polymorph (4)
 I - a wand of iceblast (13)
 Y - a wand of mindburst (11)
Scrolls
 h - 2 scrolls of immolation
 l - 2 scrolls of poison
 t - 3 scrolls of brand weapon
 v - a scroll of amnesia
 L - a scroll of summoning
 P - 2 scrolls of fear
 R - 4 scrolls of vulnerability
 T - 8 scrolls of teleportation
 X - 2 scrolls of revelation
 Z - 2 scrolls of enchant armour
Potions
 b - a potion of magic
 e - 3 potions of berserk rage
 f - a potion of cancellation
 i - 4 potions of lignification
 k - a potion of invisibility {unknown}
 n - a potion of mutation
 p - 6 potions of enlightenment
 u - 2 potions of might
 x - 2 potions of attraction
 H - 2 potions of haste
 O - a potion of resistance {unknown}
 Q - 8 potions of curing
 W - 3 potions of heal wounds
Miscellaneous
 U - a phial of floods


   Skills:
 - Level 8.2 Fighting
 - Level 10.0 Dodging
 - Level 5.0 Stealth
 - Level 1.8 Shields
 - Level 20.0 Spellcasting
 - Level 17.0 Conjurations
 - Level 9.0 Hexes
 - Level 4.0 Translocations
 - Level 5.0 Fire Magic
 + Level 7.4 Ice Magic
 - Level 5.0 Poison Magic


You had 17 spell levels left.
You knew the following spells:

 Your Spells              Type           Power      Damage    Failure   Level
a - Magic Dart            Conj           100%       1d8       1%          1
b - Searing Ray           Conj           100%       2d8       1%          2
c - Ozocubu's Refrigerat  Ice            40%        4d16      5%          7
A - Fulminant Prism       Conj/Hex       61%        3d26      1%          4
B - Orb of Destruction    Conj           67%        9d16      1%          7
C - Starburst             Conj/Fire      57%        6d15      1%          6
D - Iskenderun's Mystic   Conj/Tloc      100%       2d19      1%          4
E - Olgreb's Toxic Radia  Pois           70%        N/A       1%          4
F - Ignite Poison         Fire/Tmut/Pois 62%        N/A       1%          3

Your spell library contained the following spells:

 Spells                   Type           Power      Damage    Failure   Level
 Apportation              Tloc           100%       N/A       1%          1
 Freeze                   Ice            100%       1d10      1%          1
 Necrotise                Necr           100%       1d9       1%          1
 Summon Small Mammal      Summ           100%       N/A       1%          1
 Blink                    Tloc           100%       N/A       1%          2
 Cigotuvi's Dreadful Rot  Necr/Pois/Air  100%       N/A       1%          2
 Lesser Beckoning         Tloc           100%       N/A       1%          2
 Scorch                   Fire           100%       2d9       1%          2
 Dazzling Flash           Conj/Hex       100%       N/A       1%          3
 Frozen Ramparts          Ice            100%       1d16      1%          3
 Gell's Gravitas          Tloc           65%        N/A       1%          3
 Hailstorm                Conj/Ice       100%       3d16      1%          3
 Inner Flame              Hex/Fire       78%        N/A       1%          3
 Sigil of Binding         Hex            86%        N/A       1%          3
 Stone Arrow              Conj/Erth      100%       3d13      1%          3
 Summon Guardian Golem    Hex/Summ       67%        N/A       1%          3
 Teleport Other           Tloc           65%        N/A       1%          3
 Dimensional Bullseye     Hex/Tloc       38%        N/A       1%          4
 Flame Wave               Conj/Fire      100%       2d21      1%          4
 Sticky Flame             Conj/Fire      100%       2d11      1%          4
 Freezing Cloud           Conj/Ice/Air   52%        6-21      1%          5
 Bombard                  Conj/Erth      52%        9d9       1%          6
 Manifold Assault         Tloc           65%        N/A       2%          4
 Call Canine Familiar     Summ           41%        N/A       3%          3
 Lee's Rapid Deconstruct  Erth           20%        3d12*     4%          5
 Spellforged Servitor     Conj/Summ      52%        N/A       4%          7
 Leda's Liquefaction      Tmut/Erth      20%        N/A       7%          4
 Petrify                  Tmut/Erth      41%        N/A       7%          4
 Eringya's Noxious Bog    Tmut/Pois      28%        4d6       7%          6
 Lehudib's Crystal Spear  Conj/Erth      52%        10d12     19%         8
 Summon Cactus Giant      Summ           20%        N/A       50%         6
 Monstrous Menagerie      Summ           20%        N/A       94%         7
 Summon Hydra             Summ           20%        N/A       94%         7


Dungeon Overview and Level Annotations

Branches:
Dungeon (15/15)            Temple (1/1) D:4            Lair (5/5) D:11
 Shoals (0/4) Lair:2        Snake (0/4) Lair:2        Slime (0/5) Lair:4
    Orc (2/2) D:11         Vaults (0/5) D:14         Depths (0/4) D:15
Gauntlet (visited)
    Elf: Orc:2

Altars:
Ashenzari
Cheibriados
Dithmenos
Elyvilon
Fedhas
Gozag
Hepliaklqana
Kikubaaqudgha
Makhleb
Nemelex Xobeh
Okawaru
Qazlal
Ru
Sif Muna
Trog
Uskayaw
Vehumet
Wu Jian
Xom
Yredelemnul
Zin
The Shining One
Jiyva
Lugonu

Shops:
Orc:1 [   Orc:2 :

Portals:
Abyss: Lair:5

Annotations:
D:4 3 runed translucent doors, pigah's ghost, novice OpSh
D:11 1 runed translucent door
Lair:2 3 runed translucent doors, Fractals's ghost, journeyman GnWn
Orc:2 Saint Roka


Message History

You kill the orc!
Vehumet accepts your kill.
Saint Roka seems to burn from within!!
Saint Roka is heavily wounded.
The orc high priest is poisoned.
The orc warlord is poisoned.
Saint Roka is poisoned.
The troll is poisoned.
The warg bites you.
An orc knight comes into view. It is wielding a +0 long sword.
Saint Roka roars a battlecry!
The orc high priest calls down the wrath of Beogh upon you.
Beogh smites you!
The orc warlord roars a battlecry!
A - a staff of conjuration (weapon)
The orc warlord looks even sicker.
The orc knight is poisoned.
The warg completely misses you. The warg closely misses you.
The orc knight roars a battlecry!
Saint Roka goes into a battle-frenzy!
Saint Roka invokes the aid of Beogh against you.
Beogh smites you!
Unknown command.
Unknown command.
Casting: Ignite Poison (safe; 1% risk of failure)
Confirm with . or Enter, or press ? or * to list all spells.
You feel a surge of power!
The bolt of fire misses the warg.
The bolt of fire hits the fungus!!!
The fungus begins to die.
The fungus is moderately damaged.
The bolt of fire hits the fungus!!!
The fungus begins to die.
The fungus is moderately damaged.
The bolt of fire hits the fungus!!
The fungus begins to die.
The fungus is lightly damaged.
The bolt of fire hits the fungus!!!
The fungus begins to die.
The fungus is moderately damaged.
The bolt of fire hits the fungus!!!
The fungus begins to die.
The fungus is moderately damaged.
The bolt of fire hits the fungus!!!
The fungus begins to die.
The fungus is moderately damaged.
The bolt of fire hits the fungus!!!
The fungus begins to die.
The fungus is lightly damaged.
The bolt of fire misses the warg.
The orc high priest looks even sicker.
The orc warlord looks even sicker.
The troll looks even sicker.
The warg barely misses you. The warg closely misses you.
The warg bites you!! x2
* * * LOW HITPOINT WARNING * * *
The orc knight roars a battlecry!
Saint Roka calls down the wrath of Beogh upon you.
Beogh smites you!
* * * LOW HITPOINT WARNING * * *
The orc warlord roars a battlecry!
You hear a shout! x4
The orc high priest looks even sicker.
The orc knight looks even sicker.
The troll looks even sicker.
The warg barely misses you. The warg bites you!
You die...

.P...P.oP......
..8..P..P .)).#
....P....$o))..
...)...)).).)..
. ......#.)....
...#...........
#.#....hh...).P
.....^.@..P.)P8
..........P.P).
....$....Po.)..
..........P...∩
.....P...T..Po.
..P.......P.P..
.P.........P.).
.....P......P..


You could see Saint Roka (strong, poisoned), an orc warlord (very poisoned), an
orc knight (strong, very poisoned), an orc high priest (strong, very poisoned),
a troll (very poisoned) and 2 wargs.

Vanquished Creatures
  Erolcha (D:12)
  6 hydras
  5 boulder beetles
  4 two-headed ogres
  A catoblepas (D:13)
  3 thrashing horrors (Lair:5)
  5 death yaks (Lair:4)
  An orc high priest (Orc:2)
  A skyshark (Lair:3)
  7 slime creatures
  A phantasmal warrior (D:14)
  8 ugly things
  An orc sorcerer (Orc:2)
  3 cyclopes
  2 deep elf pyromancers (D:14)
  2 manticores
  A salamander (shapeshifter) (D:14)
  20 elephants
  A large abomination (Lair:5)
  4 black mambas
  2 torpor snails
  13 cane toads
  2 smoke demons (Lair:5)
  2 efreet
  11 komodo dragons
  3 gargoyles
  2 ice devils (D:13)
  A yaktaur (D:11)
  4 trolls
  3 meliai (D:14)
  3 polar bears
  28 blink frogs
  5 hornets
  A hornet (shapeshifter) (D:15)
  A snapping turtle (Lair:2)
  A dream sheep (shapeshifter) (Lair:5)
  7 dream sheep
  3 raiju (Lair:5)
  A spriggan (Lair:5)
  A water elemental (Lair:2)
  77 yaks
  A shadow (D:12)
  2 wraiths
  A vampire (D:9)
  10 wyverns
  2 ynoxinuls (Lair:5)
  10 basilisks
  A warg (Orc:1)
  4 vampire mosquitoes (D:11)
  3 steam dragons
  2 chaos spawn (Lair:5)
  An acid dragon (D:12)
  3 nagas (Lair:2)
  14 water moccasins
  4 ice beasts
  A black bear (Lair:1)
  19 orc warriors
  2 sky beasts (D:7)
  6 ogres
  14 wolves (Lair:4)
  3 centaurs
  Blork the orc (D:4)
  9 bullfrogs
  2 scorpions
  A kobold brigand (D:9)
  3 gnoll sergeants
  8 small abominations (Lair:5)
  14 wights
  16 killer bees
  3 electric eels
  7 howler monkeys
  14 orc priests
  6 jellies
  2 hounds (D:7)
  2 iguanas (D:5)
  16 orc wizards
  7 hell rats (Lair:5)
  17 gnolls
  13 adders
  A shadow imp (D:5)
  A white imp (D:7)
  2 ufetubi (D:5)
  4 worms
  3 dart slugs
  65 orcs
  11 bats
  8 endoplasms
  7 giant cockroaches
  6 goblins
  3 hobgoblins
  15 jackals
  12 kobolds
  4 ball pythons
  3 frilled lizards
  8 rats
  2 butterflies
  A fulminant prism (Lair:2)
648 creatures vanquished.

Vanquished Creatures (others)
  195 fulminant prisms
195 creatures vanquished.

Grand Total: 843 creatures vanquished

Notes
Turn   | Place    | Note
-------+----------+-------------------------------------------
     0 | D:1      | Sobieck the Deep Elf Conjurer began the quest for the Orb.
     0 | D:1      | Reached XP level 1. HP: 10/10 MP: 6/6
   206 | D:1      | Reached skill level 1 in Hexes
   229 | D:1      | Reached XP level 2. HP: 15/15 MP: 2/8
   233 | D:1      | Learned a level 2 spell: Searing Ray
   858 | D:1      | Reached XP level 3. HP: 19/19 MP: 5/10
  1378 | D:2      | Reached skill level 4 in Spellcasting
  1507 | D:2      | Identified the +0 hand axe of Malaise {speed, rPois}
  1868 | D:2      | Reached XP level 4. HP: 24/24 MP: 6/12
  2421 | D:2      | Reached skill level 3 in Hexes
  2684 | D:3      | Found a faded altar of an unknown god.
  3039 | D:3      | Reached XP level 5. HP: 25/28 MP: 9/14
  3044 | D:3      | Reached skill level 5 in Spellcasting
  3352 | D:3      | Identified the granite talisman "Tefynurph" {rN+ Str+2
                  | Dex-2}
  3905 | D:3      | Found an ancient bone altar of Kikubaaqudgha.
  4383 | D:4      | Found a runed translucent gate.
  4383 | D:4      | Found a runed translucent gate.
  4383 | D:4      | Found a runed translucent gate.
  4578 | D:4      | Reached XP level 6. HP: 32/32 MP: 8/16
  4891 | D:4      | Found a staircase to the Ecumenical Temple.
  4901 | Temple   | Entered the Ecumenical Temple
  4911 | Temple   | Became a worshipper of Vehumet
  4931 | D:4      | Learned a level 4 spell: Fulminant Prism
  4936 | D:4      | Learned a level 4 spell: Iskenderun's Mystic Blast
  5072 | D:4      | Noticed Blork the orc
  5080 | D:4      | Killed Blork the orc
  5081 | D:4      | Reached skill level 6 in Conjurations
  5143 | D:4      | Noticed pigah's ghost (novice OpSh)
  5214 | D:4      | Reached skill level 6 in Spellcasting
  5407 | D:5      | Entered Level 5 of the Dungeon
  5702 | D:5      | Reached XP level 7. HP: 36/36 MP: 12/18
  5902 | D:5      | Found a snail-covered altar of Cheibriados.
  5902 | D:5      | Found a hide-covered altar of Uskayaw.
  5952 | D:5      | Reached skill level 7 in Spellcasting
  5952 | D:5      | Reached skill level 6 in Hexes
  6329 | D:5      | Reached * piety under Vehumet
  6329 | D:5      | Offered knowledge of Freeze by Vehumet.
  7149 | D:6      | Reached XP level 8. HP: 41/41 MP: 13/21
  7300 | D:6      | Reached skill level 8 in Spellcasting
  8289 | D:7      | Noticed a troll
  8295 | D:7      | Killed a troll
  8296 | D:7      | Reached skill level 9 in Spellcasting
  8458 | D:7      | Got Ytolin's Papyrus of Battling
  8588 | D:7      | Reached XP level 9. HP: 45/45 MP: 18/24
  8684 | D:7      | Found a bloodstained altar of Trog.
  8815 | D:7      | Found a white marble altar of Elyvilon.
  9022 | D:7      | Reached skill level 9 in Hexes
  9038 | D:7      | Reached skill level 10 in Spellcasting
  9038 | D:7      | Reached skill level 9 in Conjurations
  9279 | D:7      | Reached ** piety under Vehumet
  9279 | D:7      | Offered knowledge of Sandblast by Vehumet.
  9444 | D:7      | Reached skill level 11 in Spellcasting
  9693 | D:7      | Got the Omnibus of Allies
 10240 | D:8      | Found a hazy altar of Hepliaklqana.
 10515 | D:8      | Offered knowledge of Inner Flame by Vehumet.
 10552 | D:8      | Reached XP level 10. HP: 45/50 MP: 21/27
 10605 | D:8      | Found a shimmering altar of Xom.
 10614 | D:8      | Found a sparkling altar of Nemelex Xobeh.
 10882 | D:9      | Reached *** piety under Vehumet
 10883 | D:9      | Reached skill level 12 in Conjurations
 11472 | D:8      | Learned a level 7 spell: Orb of Destruction
 11669 | D:9      | Offered knowledge of Airstrike by Vehumet.
 11759 | D:9      | Found an ornate altar of the Wu Jian Council.
 11806 | D:9      | Found a blossoming altar of Fedhas.
 11924 | D:9      | Found a glowing golden altar of the Shining One.
 12026 | D:9      | Got the Exposition on Shapeshifting
 12279 | D:10     | Entered Level 10 of the Dungeon
 12348 | D:10     | Reached **** piety under Vehumet
 12424 | D:10     | Identified the +1 falchion "Getufy" {venom, rF++}
 12476 | D:10     | Reached XP level 11. HP: 54/54 MP: 28/28
 12599 | D:10     | Reached skill level 15 in Conjurations
 12640 | D:10     | Offered knowledge of Mephitic Cloud by Vehumet.
 13471 | D:11     | Found a staircase to the Orcish Mines.
 13489 | D:11     | Found a runed translucent door.
 13489 | D:11     | Noticed an ettin
 13489 | D:11     | Noticed an orc sorcerer
 13489 | D:11     | Noticed a tengu reaver
 13491 | D:11     | Noticed a wolf spider
 13491 | D:11     | Noticed a deep troll
 13491 | D:11     | Noticed a frost giant
 13491 | D:11     | Noticed a yaktaur captain
 13491 | D:11     | Noticed a deep elf zephyrmancer
 13579 | D:11     | Noticed a two-headed ogre
 13584 | D:11     | Killed a two-headed ogre
 13945 | D:11     | Found a staircase to the Lair.
 14332 | D:11     | Reached skill level 3 in Dodging
 14332 | D:11     | Reached skill level 1 in Translocations
 14399 | D:11     | Noticed a two-headed ogre
 14401 | D:11     | Killed a two-headed ogre
 14402 | D:11     | Reached skill level 1 in Fighting
 14402 | D:11     | Reached skill level 1 in Shields
 14951 | D:12     | Noticed Erolcha
 14969 | D:12     | Killed Erolcha
 15334 | D:12     | Reached XP level 12. HP: 62/62 MP: 29/29
 15469 | D:12     | Noticed a boulder beetle
 15624 | D:12     | Killed a boulder beetle
 15624 | D:12     | Reached ***** piety under Vehumet
 15625 | D:12     | Reached skill level 3 in Stealth
 15888 | D:12     | Reached skill level 3 in Translocations
 15981 | D:12     | Identified the +1 robe of Indecent Exposure {+Blink Str+3
                  | Dex-2 Stlth+}
 16037 | D:13     | Noticed a boulder beetle
 16039 | D:13     | Noticed a catoblepas
 16041 | D:13     | Killed a boulder beetle
 16116 | D:13     | Noticed a boulder beetle
 16135 | D:13     | Killed a boulder beetle
 16334 | D:13     | Offered knowledge of Conjure Ball Lightning by Vehumet.
 16335 | D:13     | Reached skill level 3 in Fighting
 16335 | D:13     | Reached skill level 12 in Spellcasting
 16338 | D:13     | Noticed a boulder beetle
 16462 | D:13     | Killed a catoblepas
 16511 | D:13     | Killed a boulder beetle
 16766 | D:13     | Noticed a two-headed ogre
 16768 | D:13     | Killed a two-headed ogre
 16769 | D:13     | Reached skill level 6 in Dodging
 17476 | D:14     | Reached skill level 13 in Spellcasting
 17689 | D:14     | Found a gate leading to a gauntlet.
 17763 | Gauntlet | Entered a Gauntlet
 17763 | Gauntlet | Found a transporter.
 17763 | Gauntlet | Found a transporter.
 17763 | Gauntlet | Found a transporter.
 17784 | Gauntlet | Found a transporter.
 17799 | Gauntlet | Found a transporter.
 17809 | Gauntlet | Found a transporter.
 17819 | Gauntlet | Found a transporter.
 17834 | Gauntlet | Found a transporter.
 17840 | Gauntlet | Found a transporter.
 17854 | Gauntlet | Found a transporter.
 17854 | Gauntlet | Noticed a ghost crab
 17859 | Gauntlet | Found a transporter.
 17863 | Gauntlet | Found a transporter.
 18021 | Gauntlet | Noticed a minotaur
 18147 | D:14     | You fall into a shaft and drop 1 floor!
 18147 | D:15     | Entered Level 15 of the Dungeon
 18487 | D:14     | Reached XP level 13. HP: 72/72 MP: 28/32
 18792 | D:14     | Found a gate to the Vaults.
 18879 | D:14     | Identified the +7 chain mail of the Onion {rPois rC-
                  | Will+++ Int-3}
 19108 | Lair:1   | Entered Level 1 of the Lair of Beasts
 19110 | Lair:1   | Reached skill level 14 in Spellcasting
 19136 | Lair:1   | Reached skill level 9 in Dodging
 19872 | Lair:1   | Reached skill level 15 in Spellcasting
 20445 | Lair:2   | Found a runed translucent gate.
 20445 | Lair:2   | Found a runed translucent gate.
 20445 | Lair:2   | Found a runed translucent gate.
 20533 | Lair:2   | Reached skill level 16 in Spellcasting
 20916 | Lair:2   | Noticed Fractals's ghost (journeyman GnWn)
 20978 | Lair:2   | Reached skill level 17 in Spellcasting
 21462 | Lair:2   | Found a staircase to the Shoals.
 21667 | Lair:2   | Found a staircase to the Snake Pit.
 21734 | Lair:2   | Reached skill level 18 in Spellcasting
 21862 | Lair:2   | Found a viscous altar of Jiyva.
 21895 | Lair:3   | Reached XP level 14. HP: 78/78 MP: 35/38
 21897 | Lair:3   | Offered knowledge of Olgreb's Toxic Radiance by Vehumet.
 21903 | Lair:3   | Learned a level 4 spell: Olgreb's Toxic Radiance
 21950 | Lair:2   | Learned a level 3 spell: Ignite Poison
 22125 | Lair:3   | Reached skill level 1 in Fire Magic
 22125 | Lair:3   | Reached skill level 1 in Poison Magic
 22658 | Lair:3   | Reached skill level 3 in Poison Magic
 22680 | Lair:3   | Reached skill level 3 in Fire Magic
 23032 | Lair:4   | Reached skill level 19 in Spellcasting
 23550 | Lair:4   | Found a staircase to the Slime Pits.
 23550 | Lair:4   | Found a viscous altar of Jiyva.
 24265 | Lair:5   | Entered Level 5 of the Lair of Beasts
 24346 | Lair:5   | Offered knowledge of Starburst by Vehumet.
 24425 | Lair:5   | Learned a level 6 spell: Starburst
 24442 | Lair:5   | Reached skill level 20 in Spellcasting
 24884 | Lair:5   | Reached skill level 6 in Fighting
 25508 | Lair:5   | Reached XP level 15. HP: 86/86 MP: 31/41
 26005 | Lair:5   | Found a corrupted altar of Lugonu.
 26007 | Lair:5   | Found a one-way gate to the infinite horrors of the Abyss.
 26034 | Lair:5   | Identified the staff "Wuaxekhe" {^Contam rF+ rC+ Will+ SInv
                  | Ice}
 26233 | Lair:5   | Reached ****** piety under Vehumet
 26246 | Lair:5   | Offered knowledge of Ozocubu's Refrigeration by Vehumet.
 26271 | Lair:5   | Learned a level 7 spell: Ozocubu's Refrigeration
 26271 | Lair:5   | Reached skill level 6 in Ice Magic
 26271 | Lair:5   | Reached XP level 16. HP: 93/93 MP: 42/42
 26632 | Orc:1    | Entered Level 1 of the Orcish Mines
 26891 | Orc:1    | Found Agetriss's Armour Shoppe.
 26900 | Orc:1    | Bought a +0 helmet of intelligence for 184 gold pieces
 27149 | Orc:2    | Entered Level 2 of the Orcish Mines
 27149 | Orc:2    | Noticed Saint Roka
 27149 | Orc:2    | Found Zavocvon's Book Shop.
 27156 | Orc:2    | HP: 1/93 [Saint Roka/divine providence (12)]
 27157 | Orc:2    | Mangled by a warg

Illustrated notes

Levels and vault maps discovered:
D:1:      co_arrival_square_in_a_square_in_a_square, layout_basic,
          serial_curves, eino_curves_04, eino_curves_04, nicolae_titane
D:2:      layout_basic, minmay_octomino_e4
D:3:      minmay_inner_zag, layout_loops_ring,
          mainiacjoe_overflow_surrounded_room,
          shapermc_ecumenical_altar_mp_highgroup
D:4:      layout_basic, temple_green, gammafunk_ghost_icy, uniq_blork_the_orc
D:5:      layout_basic, nicolae_overflow_two_pavilions
D:6:      layout_loops_ring, serial_park_tiny_2
D:7:      minmay_bubble_buster, layout_gridville, mainiacjoe_overflow_alcove_1,
          nicolae_elyvilon_temple_path, corexii_item_surrounded_by_moat
D:8:      layout_gridville, nemelex_diamond_rough_becter, xom_butterflies,
          nicolae_hepliaklqana_hazy_memory
D:9:      wad_cavern_with_rooms, layout_cave_pools, mainiacjoe_overflow_catwalk,
          nicolae_wu_jian_wuxing_cycle, lemuel_coloured_pillars_altar,
          hangedman_abyss_or_decor_slice
D:10:     layout_loops_ring, grunt_decor_junction
D:11:     minmay_gate_of_8, layout_irregular_city, minmay_lair_entry_grove
D:12:     layout_basic, uniq_erolcha
D:13:     layout_long_grid, portal_ice_cave_demonic_guard
D:14:     layout_cave_pools, david_vaults_4, gauntlet_entry_generic,
          roderic_three_in_a_row, minmay_increasing_density
D:15:     grunt_enter_depths_snipers, layout_rooms,
          hellmonk_okawaru_the_only_friend_you_need
Temple:   chequers_temple_sunken
Lair:1:   layout_chaotic_city, chequers_serial_rivers_micro_e,
          eino_small_chamber_without_monster, serial_bayou_lake_a,
          lemuel_fruit_tree, grunt_megastairs_4, lemuel_fruit_fields
Lair:2:   layout_roguey, minmay_shoals_entry_hut, nicolae_snake_entry_squirm,
          gammafunk_ghost_ooze
Lair:3:   layout_roguey
Lair:4:   layout_regular_city, minmay_slime_entry_pillars, dreamdust_wasp_nest
Lair:5:   hellmonk_lair_end_abyssal_woods, layout_misc_corridors
Orc:1:    layout_caves, serial_shops, shop_fountains
Orc:2:    grunt_orc_gardens, layout_caves, grunt_orc_garden, grunt_orc_garden,
          grunt_orc_garden, grunt_orc_garden, serial_shops, shop,
          minmay_shop_mass, uniq_saint_roka

Skill      XL: |  1  2  3  4  5  6  7  8  9 10 11 12 13 14 15 16 |
---------------+-------------------------------------------------+-----
Hexes          | 1 2 3 4 5 6 8 9 |  9.0
Spellcasting   | 4 5 6 7 9 11 13 18 20 | 20.0
Conjurations   | 5 6 7 8 11 14 17 | 17.0
Dodging        | 4 8 10 | 10.0
Translocations | 2 4 |  4.0
Fighting       | 2 5 7 8 |  8.2
Shields        | 1 |  1.8
Stealth        | 5 |  5.0
Fire Magic     | 5 |  5.0
Poison Magic   | 5 |  5.0
Ice Magic      | 6 7 |  7.4

Action                     |  1- 3 |  4- 6 |  7- 9 | 10-12 | 13-15 | 16-18 || total
---------------------------+-------+-------+-------+-------+-------+-------++-------
  Melee: Staff             |       |     1 |     2 |     2 |     4 |       ||     9
   Cast: Magic Dart        |    85 |   131 |    85 |     4 |     1 |       ||   306
         Searing Ray       |     1 |    21 |    17 |     5 |       |       ||    44
         Iskenderun's Myst |       |       |    11 |    41 |    30 |       ||    82
         Fulminant Prism   |       |       |    42 |    98 |    56 |       ||   196
         Orb of Destructio |       |       |       |    73 |   151 |     4 ||   228
         Ignite Poison     |       |       |       |       |    29 |     7 ||    36
         Olgreb's Toxic Ra |       |       |       |       |    23 |     8 ||    31
         Starburst         |       |       |       |       |    21 |     2 ||    23
  Evoke: Wand              |       |       |       |     1 |       |       ||     1
    Use: Scroll            |       |     7 |     7 |     7 |     6 |       ||    27
         Potion            |       |       |       |       |     1 |       ||     1
 Armour: Robe              |     5 |    14 |    26 |    26 |    38 |     8 ||   117
  Dodge: Dodged            |     8 |    25 |    20 |    22 |    32 |    10 ||   117

Table legend: (Time is in decaauts)
 A = Elapsed time spent in this place.
 B = Non-inter-level travel time spent in this place.
 C = Inter-level travel time spent in this place.
 D = Time resting spent in this place.
 E = Time spent auto-exploring this place.
 F = Levels seen in this place.
 G = Mean time per level.
                   A        B        C        D        E       F      G
               +--------+--------+--------+--------+--------+-----+--------+
         Total |  27195 |  26137 |   1058 |   6047 |  14435 |  24 | 1133.1 |
       Dungeon |  18889 |  18145 |    744 |   4076 |  10777 |  15 | 1259.3 |
        Temple |     23 |     13 |     10 |      0 |      0 |   1 |   23.0 |
          Lair |   7461 |   7180 |    281 |   1918 |   3138 |   5 | 1492.2 |
  Orcish Mines |    521 |    501 |     20 |     53 |    344 |   2 |  260.5 |
      Gauntlet |    299 |    299 |      0 |      0 |    176 |   1 |  299.0 |
               +--------+--------+--------+--------+--------+-----+--------+

Top non-repeatable levels by time:
  Lair:5: 2145 daAuts
     D:6: 1575 daAuts
    D:12: 1566 daAuts
  Lair:2: 1564 daAuts
     D:8: 1475 daAuts
     D:7: 1451 daAuts
     D:2: 1445 daAuts
    D:13: 1415 daAuts
     D:4: 1413 daAuts
  Lair:4: 1406 daAuts
     D:3: 1398 daAuts
     D:5: 1376 daAuts
  Lair:1: 1357 daAuts
    D:11: 1307 daAuts
    D:10: 1205 daAuts
